woodfighter, neutral female human Wizard --------------- |.............| ------- |..............### #####......| ---------- |.............| #*##########|.....|##################-...{....| |.............-#########------- #......|# |........| ------------.-- #|>....| ### .---+-# |........-- # #|.....|############ |...*.....| # #|.....|## # # ##..........| ### #......|# #### # |.........| # ###-------* ## ### ----------- ### ##################`############# # # ##### ---.-.----- ### -@- # # |.........---- # .'... ### |...*........-## ..)...... # |.....<......| |........... # |............| |....<........ +# ----.(.......| --------------- ----------- woodfighter the Thaumaturge Experience level: 8 Strength: 13 Dexterity: 10 Constitution: 15 Intelligence: 15 Wisdom: 17 Charisma: 12 Health: 0(52) Energy: 61(92) Def: 6 Gold: 679 Moves: 5628 Dungeon seed: tqxXUYr__NP-dA_5 Game ID: woodfighter_1447193144 Your Inventory: Coins $ - 679 gold pieces Amulets R - an uncursed amulet of reflection (being worn) Weapons a - a blessed +1 quarterstaff (weapon in hands) Armor e - an uncursed +0 cloak of magic resistance (being worn) r - an uncursed +0 orcish helm (being worn) N - an uncursed +0 dwarvish cloak S - an uncursed +0 pair of speed boots (being worn) V - an uncursed +0 studded leather armor (being worn) Comestibles h - 2 uncursed fortune cookies k - 4 uncursed tripe rations w - an uncursed sprig of wolfsbane C - an uncursed apple O - an uncursed lizard corpse U - an uncursed lembas wafer Scrolls b - an uncursed scroll of blank paper F - a cursed scroll of blank paper M - a blessed scroll of confuse monster Potions Z - an uncursed potion of booze Wands A - a wand of polymorph (0:4) E - a wand of digging (0:3) H - a wand of cancellation (0:3) K - a wand of enlightenment (0:15) P - a wand of light (0:13) Tools y - a cursed tallow candle (0:200) z - a magic harp (0:3) D - 3 uncursed tallow candles (0:200) L - a +0 pick-axe W - an uncursed skeleton key Gems n - 4 uncursed worthless pieces of violet glass q - 2 uncursed jasper stones Spells and supernatural/magical abilities: Name Level Category Fail Memory a - force bolt 1 attack 3% 72% z - sleep 1 enchantment 3% 90% H - haste self 3 escape 100% 72% W - pray for help -- divine ? -- Your skills at the end: Miscellaneous Skills wands [Basic] Weapon Skills quarterstaff [Basic] Spellcasting Skills attack spells [Skilled] enchantment spells [Basic] Final Attributes: You were devoutly aligned. You were magic-protected. You were telepathic. You were very fast. You had reflection. You are dead. Vanquished creatures: a long worm a small mimic a giant beetle 2 lizards an ogre a brown pudding 2 gold golems a water nymph a raven a snake a bugbear a wood nymph an Uruk-hai 4 rock piercers 2 shriekers 6 gnome lords 5 gnomish wizards a red naga hatchling 2 paper golems 2 floating eyes 2 kittens 10 dwarves a kobold lord 2 kobold shamans a rothe a rabid rat a centipede 6 dwarf zombies 2 coyotes 2 hobbits a large kobold 2 geckos a hobgoblin 7 giant rats 3 brown molds a yellow mold a green mold a red mold 34 gnomes a gnome zombie 11 jackals 4 foxes 8 newts 4 goblins 4 sewer rats 3 grid bugs 2 bats 7 lichens 4 kobold zombies 164 creatures vanquished. Voluntary challenges: You used a wielded weapon 142 times, starting on turn 46. You did not apply a unicorn horn. You read items or engraved 13 times, starting on turn 1046. You never genocided any monsters. You polymorphed 2 items, starting on turn 5626. You never changed form. You used no wishes. You never split a pudding. You never wrote Elbereth's name. You never violated your personal moral code. Dungeon overview: The Dungeons of Doom: levels 1 to 9 Level 1 an altar to Thoth a long staircase Level 2 (locked box) a fountain Level 3 a fountain Level 4 (locked chest) a fountain stairs to The Gnomish Mines Level 5 (vault) an altar to Ptah, a fountain Level 6 an armor shop Level 7 many fountains Level 8 <- You were here a fountain a long staircase Level 9 The Gnomish Mines: levels 5 to 9 Level 5 stairs to The Dungeons of Doom Level 6 Level 7 many shops, a temple to Anhur, a magic chest, some fountains Level 8 Level 9 History has recorded: On T:1 you entered the Dungeons of Doom to retrieve the Amulet of Yendor! On T:309 you reached level 2 of The Dungeons of Doom. On T:410 you advanced to experience level 2. On T:616 you reached level 3 of The Dungeons of Doom. On T:699 you advanced to experience level 3. On T:1188 you reached level 4 of The Dungeons of Doom. On T:1710 you advanced to experience level 4. On T:1894 you reached level 5 of The Dungeons of Doom. On T:2158 you reached level 1 of The Gnomish Mines. On T:2221 you advanced to experience level 5. On T:2502 you reached level 2 of The Gnomish Mines. On T:2507 you reached level 5 of The Gnomish Mines. On T:2539 you advanced to experience level 6. On T:2620 you reached level 4 of The Gnomish Mines. On T:2750 you advanced to experience level 7. On T:2842 you reached level 3 of The Gnomish Mines. On T:2976 you opened a magic chest. On T:2977 you opened a magic chest. On T:2977 you opened a magic chest. On T:2992 you entered the Minetown temple On T:3025 you opened a magic chest. On T:3025 you opened a magic chest. On T:3031 you opened a magic chest. On T:3347 you opened a magic chest. On T:3408 you opened a magic chest. On T:3448 you opened a magic chest. On T:4372 you reached level 6 of The Dungeons of Doom. On T:4669 you reached level 7 of The Dungeons of Doom. On T:4691 you advanced to experience level 8. On T:4963 you reached level 8 of The Dungeons of Doom. On T:5499 you reached level 9 of The Dungeons of Doom. Score breakdown: Gold: 679 ( 67 points) Experience: 8 levels ( 700 points) Exploration: 9 levels ( 240 points) Discoveries: 17 items ( 850 points) Variety of kills: 49 monsters ( 2000 points) Major goal: reached Minetown ( 500 points) Survival: died (score multiplied by 3) Total score: 13071 Latest messages: You sold an uncursed dwarvish cloak for 25 gold pieces. You drop an uncursed +0 pair of jumping boots. You sold an uncursed +0 pair of jumping boots for 25 gold pieces. You drop a blessed dwarvish cloak. You sold a blessed dwarvish cloak for 35 gold pieces. You cannot drop something you are wearing. You drop an uncursed +0 cloak of invisibility. You sold an uncursed +0 cloak of invisibility for 30 gold pieces. You cannot drop something you are wearing. You put an uncursed orange gem into the magic chest. You put an uncursed violet gem into the magic chest. You put an uncursed blue gem into the magic chest. You put an uncursed yellow gem into the magic chest. Your movements are now unencumbered. You have a little trouble lifting L - an uncursed pick-axe. You have a little trouble lifting S - an uncursed blue gem. You have a little trouble lifting z - an uncursed gray stone. You have a little trouble lifting Y - 2 uncursed green gems. You have a little trouble lifting N - an uncursed orange gem. The spell misses the wood golem. The wood golem claws you! You die... Final status: Goodbye woodfighter the Wizard, killed by a wood golem... You died in The Dungeons of Doom on dungeon level 8 with 13071 points, and 679 pieces of gold, after 5628 moves. You were level 8 with a maximum of 52 hit points when you died.